 Dungeon Sprint DCSS version 0.23.2-11-gf996548c65 (webtiles) character file.

Game seed: 16816312089440011401

11800000 HASTUR3 the Axe Maniac (level 27, -5/244 (249) HPs)
             Began as a Demonspawn Fighter on June 2, 2019.
             Was the Champion of Makhleb.
             Killed by divine providence
             ... invoked by an accursed
              (16 damage)
             ... in the Dungeon (Sprint VIII: "Arena of Blood") on June 5, 2019.
             The game lasted 00:16:50 (118 turns).

HASTUR3 the Axe Maniac (Demonspawn Fighter)          Turns: 118, Time: 00:16:51

HP:   -5/244 (249)  AC: 13    Str: 22    XL:     27
MP:   0/54          EV: 31    Int: 10    God:    Makhleb [******]
Gold: 0             SH:  8    Dex: 20    Spells: 80/80 levels left

rFire    + . .     SeeInvis .   l - +∞ Axe of Woe
rCold    . . .     Gourm    .   (shield currently unavailable)
rNeg     . . .     Faith    .   b - +0 scale mail
rPois    .         Spirit   +   (helmet unavailable)
rElec    .         Reflect  .   (no cloak)
rCorr    .         Harm     .   (no gloves)
MR       ++...     NoTele   +   (no boots)
Stlth    ++++++++..             (no amulet)
HPRegen  0.50/turn              (no ring)
MPRegen  0.68/turn              (no ring)

@: lethally poisoned (-5 -> -30)
A: horns 3, large bone plates 3, demonic guardian 3, fire resistance 1, hurl
damnation, magic shield, magic regeneration, magic link, flame cloud immunity
a: Hurl Damnation, Minor Destruction, Lesser Servant of Makhleb, Major
Destruction, Greater Servant of Makhleb, Renounce Religion


You were in the Dungeon.
You worshipped Makhleb.
Makhleb was exalted by your worship.
You were not hungry.

You visited 1 branch

Inventory:

Hand Weapons
 l - the +∞ Axe of Woe (weapon)
   (You found it in the Dungeon)
Armour
 b - a +0 scale mail (worn)
 c - a +0 shield
Scrolls
 k - a scroll of blinking
Potions
 d - a potion of might
 e - a potion of curing
 g - a potion of heal wounds
 h - a potion of haste
 i - 2 potions of magic
 j - a potion of berserk rage
Comestibles
 f - a ration


   Skills:
 O Level 27 Fighting
 O Level 27 Short Blades
 O Level 27 Long Blades
 O Level 27 Axes
 O Level 27 Maces & Flails
 O Level 27 Throwing
 O Level 27 Armour
 O Level 27 Dodging
 O Level 27 Stealth
 O Level 27 Shields
 O Level 27 Unarmed Combat
 O Level 27 Spellcasting
 O Level 27 Invocations


You had 80 spell levels left.
You didn't know any spells.
Your spell library was empty.

Dungeon Overview and Level Annotations

Branches:
Dungeon (1/1)

Altars:
Makhleb


Innate Abilities, Weirdness & Mutations

You have a pair of large horns on your head.
You are completely covered in large bone plates. (SH +8)
A powerful demonic guardian rushes to your aid.
Your flesh is heat resistant. (rF+)
You can hurl damnation.
When hurt, damage is shared between your health and your magic reserves.
You regenerate magic rapidly.
When low on magic, you restore magic in place of health.
You are immune to clouds of flame.


Message History

You slash the large abomination!
You chop the large abomination into pieces.
You destroy the large abomination!
You slash the tentacled monstrosity!
You dissect the tentacled monstrosity like a pig carcass.
You kill the tentacled monstrosity!
The fleshlord appears out of thin air!
A fleshlord comes into view. It is wielding a +9 great mace.
You feel something staring at you.
A fireball appears from out of thin air!
The fireball explodes!
The fireball engulfs you!! You resist.
* * * LOW HITPOINT WARNING * * *
The meat berserker rages.
The scourge throws poison at you. The bolt of poison hits you!!!
You are more poisoned.
* * * LOW HITPOINT WARNING * * *
The accursed casts a spell at you. Something smites you!
You die...

......o
....D...........VO..
z..V...........S..§.
%...o.........O.oL.
#..O....# ...o..oo. ..
#...o..°# ...D.....
...###X......###..M.....
.......)###°X.°@)O......
#.X.X..))_)○).°L))).....
.L.2..#%)))O#X%{o.).#.#.
..... #_%<)_#MS)))......
.... #...).#...p..#.#.#
#.O.....)_..W....%......
O.......###X........#.#.
. .###....XX.###........
#.......# .....V...


You could see 2 accurseds, 2 tentacled monstrosities, 2 tyrants, an eight-headed
meat hydra, a destroyer, 2 scourges, a fleshlord (wandering), 3 large bags of
meat, 3 large abominations, a dread, 2 meat berserkers and 7 bags of meat.

Vanquished Creatures
  Edmund (D)
  4 great orbs of eyes (D)
  13 hell beasts (D)
  5 greater mummies (D)
  46 orcs (D)
  8 phantoms (D)
  4 skeletal warriors (D)
  A sea snake (D)
  5 wraiths (D)
  10 large abominations (D)
  5 small abominations (D)
  15 crawling corpses (D)
  23 vampire knights (D)
  46 ogres (D)
  3 two-headed ogres (D)
  5 liches (D)
  2 hydras (D)
196 creatures vanquished.

Vanquished Creatures (collateral kills)
  3 orcs (D)
  A crawling corpse (D)
4 creatures vanquished.

Vanquished Creatures (others)
  An ogre (D)
1 creature vanquished.

Grand Total: 201 creatures vanquished

Notes
Turn   | Place    | Note
-------+----------+-------------------------------------------
     0 | D        | Found the +∞ Axe of Woe
     0 | D        | HASTUR3 the Demonspawn Fighter began the quest for the Orb.
     0 | D        | Reached XP level 1. HP: 18/18 MP: 1/1
     1 | D        | Noticed a bag of meat
     1 | D        | Noticed a bag of meat
     2 | D        | Noticed a bag of meat
     3 | D        | Noticed a bag of meat
     4 | D        | Noticed a bag of meat
     4 | D        | Noticed a bag of meat
     5 | D        | Noticed a meat berserker
     5 | D        | Noticed a bag of meat
     5 | D        | Noticed a bag of meat
     8 | D        | Killed a meat berserker
     8 | D        | Reached skill level 10 in Axes
     8 | D        | Gained mutation: You are partially covered in large bone
                  | plates. (SH +4) [demonic ancestry]
     8 | D        | Reached XP level 2. HP: 49/49 MP: 2/2
     8 | D        | Reached XP level 3. HP: 55/55 MP: 3/3
     8 | D        | Gained mutation: You are mostly covered in large bone
                  | plates. (SH +6) [demonic ancestry]
     8 | D        | Reached XP level 4. HP: 63/63 MP: 4/4
     8 | D        | Gained mutation: A weak demonic guardian rushes to your
                  | aid. [demonic ancestry]
     8 | D        | Reached XP level 5. HP: 69/69 MP: 5/5
     8 | D        | Reached XP level 6. HP: 76/76 MP: 6/6
     8 | D        | Reached XP level 7. HP: 83/83 MP: 7/7
     8 | D        | Reached XP level 8. HP: 90/90 MP: 8/8
     8 | D        | Gained mutation: You have a pair of small horns on your
                  | head. [demonic ancestry]
     8 | D        | Reached XP level 9. HP: 96/96 MP: 9/9
     8 | D        | Gained mutation: You have a pair of horns on your head.
                  | [demonic ancestry]
     8 | D        | Reached XP level 10. HP: 104/104 MP: 10/10
     8 | D        | Reached XP level 11. HP: 110/110 MP: 11/11
     8 | D        | Reached XP level 12. HP: 117/117 MP: 12/12
     8 | D        | Reached XP level 13. HP: 124/124 MP: 13/13
     8 | D        | Noticed a meat berserker
     8 | D        | Noticed a bag of meat
     9 | D        | Killed a bag of meat
     9 | D        | Killed a bag of meat
     9 | D        | Gained mutation: You are completely covered in large bone
                  | plates. (SH +8) [demonic ancestry]
     9 | D        | Reached XP level 14. HP: 103/131 MP: 14/14
     9 | D        | Killed a bag of meat
     9 | D        | Noticed a meat berserker
    10 | D        | Killed a bag of meat
    10 | D        | Gained mutation: A demonic guardian rushes to your aid.
                  | [demonic ancestry]
    10 | D        | Reached XP level 15. HP: 108/137 MP: 15/15
    10 | D        | Reached skill level 27 in Axes
    10 | D        | Noticed a meat berserker
    13 | D        | Reached skill level 10 in Dodging
    13 | D        | Gained mutation: A powerful demonic guardian rushes to your
                  | aid. [demonic ancestry]
    13 | D        | Reached XP level 16. HP: 119/150 MP: 16/16
    13 | D        | Killed a meat berserker
    13 | D        | Reached skill level 15 in Dodging
    13 | D        | Gained mutation: Your flesh is heat resistant. (rF+)
                  | [demonic ancestry]
    13 | D        | Reached XP level 17. HP: 129/163 MP: 17/17
    14 | D        | Killed a meat berserker
    15 | D        | Noticed a meat berserker
    16 | D        | Killed a meat berserker
    16 | D        | Gained mutation: When hurt, damage is shared between your
                  | health and your magic reserves. [demonic ancestry]
    16 | D        | Reached XP level 18. HP: 143/179 MP: 18/18
    17 | D        | Became a worshipper of Makhleb the Destroyer
    18 | D        | Reached skill level 27 in Fighting
    18 | D        | Killed a meat berserker
    18 | D        | Reached * piety under Makhleb
    18 | D        | Gained mutation: You have a pair of large horns on your
                  | head. [demonic ancestry]
    18 | D        | Reached XP level 19. HP: 152/189 MP: 19/19
    20 | D        | Reached skill level 27 in Armour
    20 | D        | Reached skill level 27 in Shields
    20 | D        | Noticed a large bag of meat
    21 | D        | Noticed a large bag of meat
    21 | D        | Noticed a meat berserker
    23 | D        | Reached ** piety under Makhleb
    23 | D        | Reached skill level 27 in Dodging
    23 | D        | Reached skill level 15 in Invocations
    23 | D        | Killed a large bag of meat
    23 | D        | Gained mutation: You are immune to clouds of flame.
                  | [demonic ancestry]
    23 | D        | Reached XP level 20. HP: 197/197 MP: 18/40
    24 | D        | Noticed a destroyer
    24 | D        | Noticed a meat berserker
    26 | D        | Reached *** piety under Makhleb
    26 | D        | Killed a meat berserker
    26 | D        | Reached skill level 27 in Invocations
    26 | D        | Noticed a destroyer
    28 | D        | Killed a destroyer
    28 | D        | Reached skill level 27 in Spellcasting
    28 | D        | Reached XP level 21. HP: 161/204 MP: 12/52
    28 | D        | Reached **** piety under Makhleb
    30 | D        | Killed a large bag of meat
    31 | D        | Reached skill level 27 in Stealth
    31 | D        | Reached skill level 1 in Throwing
    31 | D        | Reached skill level 1 in Unarmed Combat
    32 | D        | Reached ***** piety under Makhleb
    32 | D        | Killed a destroyer
    32 | D        | Reached XP level 22. HP: 212/212 MP: 13/53
    32 | D        | Noticed a destroyer
    35 | D        | Gained mutation: You regenerate magic rapidly. [demonic
                  | ancestry]
    35 | D        | Reached XP level 23. HP: 219/219 MP: 13/54
    35 | D        | Noticed a destroyer
    37 | D        | Noticed a destroyer
    37 | D        | Reached ****** piety under Makhleb
    37 | D        | Reached skill level 27 in Throwing
    37 | D        | Reached skill level 27 in Unarmed Combat
    37 | D        | Noticed a destroyer
    37 | D        | Noticed a destroyer
    38 | D        | Killed a destroyer
    39 | D        | Killed a destroyer
    39 | D        | Gained mutation: When low on magic, you restore magic in
                  | place of health. [demonic ancestry]
    39 | D        | Reached XP level 24. HP: 227/227 MP: 16/54
    40 | D        | Killed a destroyer
    41 | D        | Noticed a destroyer
    41 | D        | Noticed a destroyer
    43 | D        | Killed a destroyer
    43 | D        | Gained mutation: You can hurl damnation. [demonic ancestry]
    43 | D        | Reached XP level 25. HP: 234/234 MP: 18/54
    43 | D        | Noticed a destroyer
    43 | D        | Noticed a destroyer
    44 | D        | Killed a destroyer
    47 | D        | Noticed a destroyer
    48 | D        | Killed a destroyer
    49 | D        | Killed a destroyer
    49 | D        | Reached XP level 26. HP: 242/242 MP: 23/54
    49 | D        | Killed a destroyer
    49 | D        | Killed a destroyer
    50 | D        | Reached XP level 27. HP: 249/249 MP: 20/54
    50 | D        | Noticed a tyrant
    51 | D        | Noticed a destroyer
    51 | D        | Noticed a destroyer
    52 | D        | Noticed a destroyer
    52 | D        | Noticed a tyrant
    52 | D        | Noticed an accursed
    55 | D        | Killed a destroyer
    57 | D        | Killed a destroyer
    57 | D        | Noticed a destroyer
    58 | D        | Noticed a tyrant
    59 | D        | Noticed a large bag of meat
    60 | D        | Noticed a tyrant
    61 | D        | Noticed a dread
    61 | D        | Killed a destroyer
    62 | D        | Noticed a destroyer
    63 | D        | Noticed a meat beast
    63 | D        | Noticed a meat beast
    64 | D        | Killed a destroyer
    64 | D        | Killed a tyrant
    65 | D        | Noticed a dread
    65 | D        | Noticed a meat beast
    66 | D        | Killed a meat beast
    67 | D        | Killed a meat beast
    68 | D        | Killed a large bag of meat
    68 | D        | Killed a destroyer
    68 | D        | Killed a destroyer
    68 | D        | Noticed a destroyer
    70 | D        | Noticed a meat beast
    71 | D        | Noticed a dread
    71 | D        | Killed a meat beast
    71 | D        | Killed a dread
    71 | D        | Killed a dread
    72 | D        | Noticed a meat beast
    73 | D        | Killed a tyrant
    74 | D        | Killed a meat beast
    74 | D        | Killed a dread
    74 | D        | Noticed a dread
    74 | D        | Noticed a dread
    75 | D        | Noticed a meat beast
    75 | D        | Noticed a meat beast
    76 | D        | Noticed a meat beast
    77 | D        | Killed a destroyer
    78 | D        | Noticed a meat beast
    78 | D        | Noticed a destroyer
    79 | D        | HP: 8/249 [??? (6)]
    80 | D        | HP: 1/249 [accursed/divine providence (7)]
    81 | D        | Killed a destroyer
    82 | D        | Noticed a meat beast
    82 | D        | Killed a meat beast
    82 | D        | Killed a meat beast
    82 | D        | Noticed a destroyer
    84 | D        | Killed a dread
    84 | D        | Killed a meat beast
    84 | D        | Killed a dread
    85 | D        | Killed a meat beast
    85 | D        | Killed a meat beast
    85 | D        | Noticed a destroyer
    86 | D        | Killed a meat beast
    87 | D        | Noticed an accursed
    88 | D        | Noticed a tyrant
    89 | D        | Noticed an accursed
    89 | D        | Noticed a destroyer
    90 | D        | Noticed a tyrant
    91 | D        | Killed an accursed
    93 | D        | Killed a tyrant
    93 | D        | Killed a tyrant
    93 | D        | Killed a destroyer
    93 | D        | Killed a destroyer
    94 | D        | Noticed a meat beast
    94 | D        | Noticed an accursed
    95 | D        | Noticed a meat beast
    97 | D        | Noticed an accursed
    97 | D        | Killed an accursed
    97 | D        | Noticed a destroyer
    98 | D        | Killed an accursed
    98 | D        | Noticed The Defiler
    99 | D        | Killed a tyrant
    99 | D        | Noticed an accursed
   100 | D        | Killed a meat beast
   100 | D        | Killed a meat beast
   100 | D        | Killed a destroyer
   101 | D        | Reached skill level 27 in Short Blades
   101 | D        | Reached skill level 27 in Long Blades
   101 | D        | Reached skill level 27 in Maces & Flails
   101 | D        | Upgraded the game from 0.23.2-1-ga50397a to
                  | 0.23.2-11-gf996548c65
   103 | D        | Killed a destroyer
   103 | D        | Noticed a meat beast
   103 | D        | Noticed an accursed
   106 | D        | Killed The Defiler
   107 | D        | Killed an accursed
   107 | D        | Noticed a large bag of meat
   109 | D        | Killed a meat beast
   109 | D        | Noticed a destroyer
   111 | D        | Noticed a destroyer
   113 | D        | Noticed a large bag of meat
   113 | D        | Noticed a dread
   115 | D        | Killed an accursed
   116 | D        | Noticed a destroyer
   117 | D        | Noticed a large bag of meat
   117 | D        | Noticed a tyrant
   118 | D        | HP: 11/244 [scourge/bolt of poison (34)]
   118 | D        | Killed from afar by an accursed

Skill      XL: |  1  2  3  4  5  6  7  8  9 10 11 12 13 14 15 16 17 18 19 20 21 22 23 24 25 26 27 |
---------------+----------------------------------------------------------------------------------+-----
Fighting       | 18 20 23 25 27 | 27.0
Axes           | 10 20 25 27 | 27.0
Armour         | 16 19 21 24 26 27 | 27.0
Shields        | 16 19 21 23 26 27 | 27.0
Dodging        | 10 15 19 22 27 | 27.0
Spellcasting   | 16 27 | 27.0
Invocations    | 22 27 | 27.0
Stealth        | 13 27 | 27.0
Throwing       | 19 25 27 | 27.0
Unarmed Combat | 19 25 27 | 27.0
Short Blades   | 27 | 27.0
Long Blades    | 27 | 27.0
Maces & Flails | 27 | 27.0

Action                   |  1- 3 |  4- 6 |  7- 9 | 10-12 | 13-15 | 16-18 | 19-21 | 22-24 | 25-27 || total
-------------------------+-------+-------+-------+-------+-------+-------+-------+-------+-------++-------
Melee: Executioner's axe |     1 |       |       |       |     3 |     3 |     7 |     9 |    59 ||    82
Invok: Greater Servant o |       |       |       |       |       |       |       |       |     3 ||     3
 Stab: Distracted        |       |       |       |       |       |       |       |       |     2 ||     2
Armor: Scale mail        |       |       |       |       |       |       |     2 |       |     6 ||     8
Dodge: Dodged            |       |       |       |       |     1 |       |     1 |       |     9 ||    11
Block: Other             |       |       |       |       |     1 |     1 |       |       |     4 ||     6
